 Dungeon Crawl Stone Soup version 0.22-a0-389-g8519d86 (webtiles) character file.

16089 JeffiDaFish the Destroyer (level 12, -10/81 HPs)
             Began as a Grey Draconian Fire Elementalist on May 1, 2018.
             Was an Elder of Vehumet.
             Mangled by a blink frog (11 damage)
             ... on level 2 of the Lair of Beasts.
             The game lasted 00:50:53 (16676 turns).

JeffiDaFish the Destroyer (DrFE)                   Turns: 16676, Time: 00:50:54

Health: -10/81     AC: 17    Str: 10    XL:     12   Next: 7%
Magic:  20/24      EV: 13    Int: 22    God:    Vehumet [****..]
Gold:   652        SH:  0    Dex: 11    Spells: 13/27 levels left

rFire    + . .     SeeInvis +   z - +7 flail "Wijoced" {holy, Fragile +Fly rC+ Int+2}
rCold    + . .     Gourm    .   (no shield)
rNeg     + . .     Faith    .   (armour unavailable)
rPois    +         Spirit   .   n - +2 hat
rElec    .         Reflect  .   y - +0 cloak {rPois}
rCorr    .         Harm     .   (no gloves)
MR       .....                  r - +0 pair of boots
Stlth    ++........             (no amulet)
HPRegen  0.23/turn              k - ring of positive energy
MPRegen  0.19/turn              e - ring of see invisible

@: lethally poisoned (-10 -> -20)
A: walk through water, unfitting armour, stinger 1, clumsy 1, fire resistance 1,
unbreathing, cold-blooded, AC +13
a: Renounce Religion, Evoke Flight


You were on level 2 of the Lair of Beasts.
You worshipped Vehumet.
Vehumet was greatly pleased with you.
You were not hungry.

You visited 3 branches of the dungeon, and saw 14 of its levels.

You collected 795 gold pieces.
You spent 143 gold pieces at shops.

Inventory:

Hand Weapons
 a - the +5 mace of Veithre {drain, Str+7 SInv}
   (You found it on level 1 of the Lair of Beasts)

   A truly terrible weapon, it drains the life of those it strikes.
   It affects your strength (+7).
   It lets you see invisible.
 z - the +7 flail "Wijoced" (weapon) {holy, Fragile +Fly rC+ Int+2}
   (You found it on level 1 of the Lair of Beasts)

   It has been blessed by the Shining One to cause great damage to the undead
   and demons.
   It affects your intelligence (+2).
   It protects you from cold.
   It lets you fly.
   It will be destroyed if unequipped.
Missiles
 h - 123 stones (quivered)
Armour
 n - a +2 hat (worn)
 r - a +0 pair of boots (worn)
 y - a +0 cloak of poison resistance (worn)
Jewellery
 e - a ring of see invisible (right hand)
 k - a ring of positive energy (left hand)
Wands
 m - a wand of disintegration (11)
 o - a wand of acid (23)
 p - a wand of digging (6)
 s - a wand of polymorph (12)
Scrolls
 d - 7 scrolls of remove curse
 g - 5 scrolls of magic mapping
 j - a scroll of identify
 l - 3 scrolls of amnesia
 q - 4 scrolls of teleportation
 u - a scroll of enchant weapon
 x - a scroll of fear
Potions
 c - a potion of mutation
 f - 2 potions of curing
 i - a potion of haste
 t - 3 potions of brilliance
 v - a potion of agility
 w - a potion of invisibility
Comestibles
 b - 9 rations


   Skills:
 - Level 4.0 Dodging
 - Level 1.7 Stealth
 + Level 8.0 Spellcasting
 * Level 11.8 Conjurations
 * Level 11.5 Fire Magic
 - Level 7.6 Earth Magic


You had 13 spell levels left.
You knew the following spells:

 Your Spells              Type           Power        Failure   Level  Hunger
a - Flame Tongue          Conj/Fire      #####        1%          1    None
b - Conjure Flame         Conj/Fire      ######..     1%          3    None
c - Sticky Flame          Conj/Fire      ######..     1%          4    ###....
d - Sandblast             Erth           #####.       1%          1    None
e - Fireball              Conj/Fire      ######....   1%          5    #####..


Dungeon Overview and Level Annotations

Branches:
Dungeon (10/15)            Temple (1/1) D:4            Lair (3/6) D:10
  Swamp: Lair:2-4    Shoals: Lair:2-4     Snake: Lair:2-4    Spider: Lair:2-4
    Orc: D:9-12

Altars:
Dithmenos
Fedhas
Nemelex Xobeh
Trog
Vehumet
Wu Jian
Yredelemnul
Beogh

Shops:
D:4 !   D:7 (

Annotations:
D:2 Sigmund


Innate Abilities, Weirdness & Mutations

You can walk through water.
Your dull iron-grey scales are very hard. (AC +13)
You cannot fit into any form of body armour.
You can survive without breathing.
You are cold-blooded and may be slowed by cold attacks.
Your tail ends in a poisonous barb.
You are clumsy. (Dex -2)
Your flesh is heat resistant. (rF+)


Message History

You feel sick.
The black mamba burns!
The black mamba barely misses you. The blink frog closely misses you.
You climb upwards.
You feel sick.
There is a stone staircase leading down, spattered with blood here.
Casting: Sticky Flame (safe; 1% risk of failure)
Confirm with . or Enter, or press ? or * to list all spells.
Aiming: Sandblast (safe; 1% risk of failure)
Press: ? - help, Shift-Dir - straight line, f - black mamba
Aim: a black mamba (moderately wounded, covered in liquid flames)
The blast of sand hits the black mamba.
The black mamba is heavily wounded.
h - 123 stones You feel sick.
The black mamba burns!
The black mamba bites you but does no damage.
The blink frog hits you.
* * * LOW HITPOINT WARNING * * *
The black mamba bites you!
* * * LOW HITPOINT WARNING * * *
The blink frog hits you!
You die...

..............#...# #....##
#.#...............# ##....P#
##................## #.....P#
##.............#...# ##....##
###................# #......#
#.........#..+#..P####....##
##...............###P.....#
#P.............SF..##.....#
###.............@รท.........##
PP....#...#....P.#..........##
.P....##P..................#.#
.?....##..#...#............###
......P.#.#...##...........#
..<.?...#.#................#
...........................#
#####P#P..P#..P########..###
#####..#.### ####


You could see a black mamba (burning) and a blink frog.

Vanquished Creatures
  A hydra (Lair:1)
  3 two-headed ogres
  Erica (D:10)
  An ugly thing (D:10)
  The ghost of nebgrebaes the Basher, a novice OgBe of Trog (D:5)
  A black mamba (Lair:2)
  Joseph (D:8)
  3 spiny frogs
  2 rime drakes (Lair:1)
  3 komodo dragons (Lair:1)
  4 blink frogs
  2 slime creatures (D:7)
  4 hippogriffs
  A spriggan (D:7)
  7 yaks
  2 hungry ghosts
  A water moccasin (Lair:1)
  Duvessa (D:6)
  A porcupine (Lair:1)
  3 ice beasts
  3 orc warriors
  2 necrophages (D:9)
  A black bear (D:6)
  3 phantoms
  2 eyes of draining (D:9)
  7 ogres
  3 centaurs
  7 wolves
  3 crocodiles
  6 bullfrogs
  A water moccasin zombie (D:8)
  A wyvern zombie (D:10)
  A scorpion (D:4)
  Dowan (D:6)
  3 killer bees (D:5)
  3 howler monkeys
  A troll zombie (D:9)
  2 troll skeletons (D:9)
  4 wights (D:9)
  5 electric eels
  4 crimson imps
  2 human zombies (D:9)
  A quasit (D:8)
  3 orc priests
  A bullfrog skeleton (D:5)
  2 hounds
  A centaur skeleton (D:9)
  2 jellies
  14 orc wizards
  A gnoll shaman (D:7)
  A human skeleton (D:9)
  4 iguanas
  5 worker ants
  2 killer bee zombies
  An ogre skeleton (D:9)
  2 howler monkey skeletons
  10 adders
  8 gnolls
  An ooze (D:4)
  An adder zombie (D:4)
  2 adder skeletons
  A worm (D:3)
  A dart slug (D:2)
  7 leopard geckos
  61 orcs
  4 bats
  4 giant cockroaches
  6 goblins
  7 hobgoblins
  2 jackals (D:1)
  6 kobolds
  3 quokkas
  3 ball pythons
  3 frilled lizards
  An orc zombie (D:9)
  A quokka skeleton (D:8)
  10 rats
  A bush (Lair:1)
  A plant (Lair:2)
292 creatures vanquished.

Vanquished Creatures (others)
  An orc wizard (D:9)
  A fungus (Lair:1)
2 creatures vanquished.

Grand Total: 294 creatures vanquished

Notes
Turn   | Place    | Note
-------+----------+-------------------------------------------
     0 | D:1      | JeffiDaFish the Draconian Fire Elementalist began the quest for the Orb.
     0 | D:1      | Reached XP level 1. HP: 14/14 MP: 3/3
   303 | D:1      | Reached XP level 2. HP: 20/20 MP: 5/5
   737 | D:2      | Noticed Sigmund
  1509 | D:2      | Reached XP level 3. HP: 26/26 MP: 6/6
  1514 | D:2      | Learned a level 3 spell: Conjure Flame
  1675 | D:3      | Found a radiant altar of Vehumet.
  1695 | D:3      | Became a worshipper of Vehumet
  1700 | D:3      | Gained mutation: Your magical capacity is low. (-10% MP) [potion of mutation]
  1700 | D:3      | Gained mutation: You have large cloven feet. [potion of mutation]
  1904 | D:3      | Found a bloodstained altar of Trog.
  2167 | D:3      | HP: 1/26 [orc wizard/dagger (5)]
  2169 | D:3      | Reached * piety under Vehumet
  2169 | D:3      | Offered knowledge of Magic Dart by Vehumet.
  2169 | D:3      | Reached XP level 4. HP: 1/33 MP: 0/7
  2456 | D:3      | Learned a level 4 spell: Sticky Flame
  2803 | D:4      | Reached XP level 5. HP: 35/38 MP: 2/8
  3369 | D:4      | Found a staircase to the Ecumenical Temple.
  3369 | D:4      | Noticed a phantom
  3391 | Temple   | Entered the Ecumenical Temple
  3395 | Temple   | Offered knowledge of Sandblast by Vehumet.
  3645 | D:4      | Reached ** piety under Vehumet
  3645 | D:4      | Reached XP level 6. HP: 45/45 MP: 4/9
  3778 | D:4      | Found Tepteit's Distillery.
  3800 | D:4      | Bought a potion of curing for 39 gold pieces
  3800 | D:4      | Bought a potion of curing for 39 gold pieces
  3800 | D:4      | Bought a potion of heal wounds for 65 gold pieces
  4131 | D:5      | Entered Level 5 of the Dungeon
  4150 | D:5      | Found a blossoming altar of Fedhas.
  4151 | D:5      | Found a shadowy altar of Dithmenos.
  4156 | D:5      | Your scales start taking on a dull iron-grey colour.
  4156 | D:5      | Reached XP level 7. HP: 50/50 MP: 4/11
  4156 | D:5      | Gained mutation: You can survive without breathing. [Grey Draconian growth]
  4181 | D:5      | Noticed nebgrebaes's ghost (novice OgBe)
  4183 | D:5      | Learned a level 1 spell: Sandblast
  4199 | D:5      | Killed nebgrebaes's ghost
  4199 | D:5      | Reached skill level 5 in Conjurations
  4404 | D:5      | Reached skill level 5 in Fire Magic
  4409 | D:5      | Reached XP level 8. HP: 45/57 MP: 5/12
  4420 | D:5      | Reached skill level 1 in Earth Magic
  5053 | D:5      | Offered knowledge of Ignite Poison by Vehumet.
  5284 | D:5      | Found a sparkling altar of Nemelex Xobeh.
  5669 | D:5      | Found an ornate altar of the Wu Jian Council.
  5729 | D:6      | Learned a level 5 spell: Fireball
  6158 | D:6      | Noticed Dowan
  6164 | D:6      | Killed Dowan
  6175 | D:6      | Noticed Duvessa
  6213 | D:6      | Killed Duvessa
  6225 | D:6      | Reached skill level 5 in Spellcasting
  6225 | D:6      | Reached XP level 9. HP: 31/62 MP: 0/14
  6469 | D:6      | Reached *** piety under Vehumet
  6859 | D:6      | Found a runed door.
  7412 | D:6      | Offered knowledge of Throw Icicle by Vehumet.
  7810 | D:6      | Found a roughly hewn altar of Beogh.
  8052 | D:7      | Reached **** piety under Vehumet
  8417 | D:7      | Offered knowledge of Static Discharge by Vehumet.
  8720 | D:7      | Reached skill level 5 in Earth Magic
  8728 | D:7      | Found Keutys's Antique Weapon Emporium.
  9014 | D:7      | Reached XP level 10. HP: 23/69 MP: 3/17
  9284 | D:8      | Identified the +7 hand axe "Killer Bee's Peril" {vamp, rPois rF+ Str-5 Int+4} (You found it on level 8 of the Dungeon)
  9588 | D:8      | Noticed Joseph
  9599 | D:8      | Killed Joseph
  9953 | D:8      | You fall through a shaft!
 10136 | D:9      | Noticed a two-headed ogre
 10157 | D:9      | Killed a two-headed ogre
 10642 | D:9      | Found a bloodstained altar of Trog.
 11019 | D:9      | Reached skill level 10 in Conjurations
 11162 | D:9      | Found a basalt altar of Yredelemnul.
 11282 | D:9      | Reached ***** piety under Vehumet
 11423 | D:9      | Noticed a two-headed ogre
 11532 | D:9      | Killed a two-headed ogre
 11532 | D:9      | Reached XP level 11. HP: 61/74 MP: 7/19
 11748 | D:9      | Offered knowledge of Olgreb's Toxic Radiance by Vehumet.
 12061 | D:10     | Entered Level 10 of the Dungeon
 12204 | D:10     | Identified a scroll of acquirement
 12256 | D:10     | Noticed a cyan ugly thing
 12393 | D:10     | Lost mutation: Your magical capacity is low. (-10% MP) [potion of mutation]
 12393 | D:10     | Lost mutation: You have large cloven feet. [potion of mutation]
 12393 | D:10     | Gained mutation: You are clumsy. (Dex -2) [potion of mutation]
 12393 | D:10     | Gained mutation: Your flesh is heat resistant. (rF+) [potion of mutation]
 12393 | D:10     | Gained mutation: Your tail ends in a poisonous barb. [potion of mutation]
 12434 | D:10     | Killed a white ugly thing
 12434 | D:10     | Reached skill level 10 in Fire Magic
 12727 | D:10     | Found a staircase to the Lair.
 12866 | D:10     | Noticed Erica
 12872 | D:10     | Killed Erica
 13157 | D:10     | Noticed a two-headed ogre
 13166 | D:10     | Killed a two-headed ogre
 13531 | Lair:1   | Entered Level 1 of the Lair of Beasts
 14215 | Lair:1   | Identified the +7 flail "Wijoced" {holy, Fragile +Fly rC+ Int+2} (You found it on level 1 of the Lair of Beasts)
 14371 | Lair:1   | Noticed a four-headed hydra
 14377 | Lair:1   | Killed a four-headed hydra
 14865 | Lair:1   | Identified the +5 mace of Veithre {drain, Str+7 SInv} (You found it on level 1 of the Lair of Beasts)
 16047 | Lair:2   | Found a labyrinth entrance.
 16423 | Lair:3   | Reached XP level 12. HP: 81/81 MP: 14/24
 16676 | Lair:2   | HP: 1/81 [black mamba (17)]
 16676 | Lair:2   | Mangled by a blink frog

Vault maps used:
D:1:      onia_arrival_mini_spirals
D:2:      uniq_sigmund
D:3:      old_standard_altar, overflow_temple_1_default, portal_sewer_entry_a,
          serial_bayou_pond_d
D:4:      minmay_temple_entry_mist, serial_shops, shop, minmay_misc_feat_plants
D:5:      cheibrodos_barr_body, marbit_many_paths,
          chequers_temple_overflow_statue_of_worship, first_ration,
          nemelex_spade_bored_becter
D:6:      lightli_church_of_beogh, uniq_duvessa
D:7:      serial_shops, shop, the_bakery
D:8:      uniq_joseph
D:9:      lemuel_mausoleum_altar_yredelemnul, trog_eyes_of_draining
D:10:     lair_entry_dummy, uniq_erica
Temple:   regret_index_temple_sphere_string
Lair:1:   columned_hall_lemuel, minivault_26, dpeg_stationary_puzzle
Lair:2:   lab_entry_generic, serial_bayou, serial_bayou_shore_a,
          serial_bayou_pond_a, serial_bayou_lake_a, serial_bayou_pond_a,
          grunt_forest_small_clearings
Lair:3:   elwin_shoals_entry_rooms, minmay_snake_entry_guardpost_small,
          lemuel_fruit_fields

Skill      XL: |  1  2  3  4  5  6  7  8  9 10 11 |
---------------+----------------------------------+-----
Dodging        | 2 3 4 |  4.0
Conjurations   | 2 3 4 5 7 8 10 11 | 11.8
Spellcasting   | 3 4 5 6 8 |  8.0
Fire Magic     | 4 5 6 8 9 11 | 11.5
Earth Magic    | 3 5 6 7 |  7.6
Stealth        | |  1.7

Action                   |  1- 3 |  4- 6 |  7- 9 | 10-12 || total
-------------------------+-------+-------+-------+-------++-------
Melee: Dagger            |    83 |     7 |       |       ||    90
       Tailslap          |     9 |     2 |     9 |    21 ||    41
       Kick              |     8 |     7 |     8 |       ||    23
       Trident           |       |    64 |   137 |   231 ||   432
       Flail             |       |       |       |    11 ||    11
 Cast: Flame Tongue      |    61 |    43 |    82 |    56 ||   242
       Sticky Flame      |       |     6 |    32 |    36 ||    74
       Conjure Flame     |       |     4 |     6 |    11 ||    21
       Sandblast         |       |       |    19 |    10 ||    29
       Fireball          |       |       |    14 |    58 ||    72
  Use: Scroll            |     9 |     2 |     5 |     5 ||    21
       Potion            |     6 |     3 |     2 |     7 ||    18
 Stab: Sleeping          |     1 |       |       |     7 ||     8
  Eat: Chunk             |     5 |     8 |    21 |    22 ||    56
       Ration            |       |       |     1 |     7 ||     8
Armor: Skin              |    34 |    15 |    52 |    82 ||   183
Dodge: Dodged            |    67 |    32 |   109 |   147 ||   355

Table legend:
 A = Spawn XP
 B = Non-spawn XP
 C = Spawn XP percentage of total XP
 D = Spawn monster count
 E = Non-spawn monster count
 F = Spawn count percentage of total count
 G = Total turns spent on level
                    A         B        C        D         E        F      G
               +---------+---------+-------+---------+---------+-------+---------
         Total |       0 |   22985 |   0.0 |       0 |     291 |   0.0 | 16676
               +---------+---------+-------+---------+---------+-------+---------
           D:1 |       0 |      19 |   0.0 |       0 |      10 |   0.0 |   976
           D:2 |       0 |      26 |   0.0 |       0 |      15 |   0.0 |   697
           D:3 |       0 |     117 |   0.0 |       0 |      36 |   0.0 |  1120
           D:4 |       0 |     558 |   0.0 |       0 |      23 |   0.0 |  1086
           D:5 |       0 |    1630 |   0.0 |       0 |      29 |   0.0 |  1675
           D:6 |       0 |    1625 |   0.0 |       0 |      45 |   0.0 |  2201
           D:7 |       0 |    1769 |   0.0 |       0 |      23 |   0.0 |  1232
           D:8 |       0 |     839 |   0.0 |       0 |      14 |   0.0 |   714
           D:9 |       0 |    4995 |   0.0 |       0 |      46 |   0.0 |  2108
          D:10 |       0 |    3143 |   0.0 |       0 |      13 |   0.0 |  1470
        Temple |       0 |       3 |   0.0 |       0 |       1 |   0.0 |   252
        Lair:1 |       0 |    6283 |   0.0 |       0 |      27 |   0.0 |  2133
        Lair:2 |       0 |    1599 |   0.0 |       0 |       7 |   0.0 |  1000
        Lair:3 |       0 |     379 |   0.0 |       0 |       2 |   0.0 |    12
               +---------+---------+-------+---------+---------+-------+---------
